 Dungeon Crawl Stone Soup version 0.21-a0-525-ga34b322 (webtiles) character file.

67 Gerstahl the Magician (level 3, -1/24 HPs)
             Began as a Demonspawn Wizard on Dec 7, 2017.
             Slain by a worm (10 damage)
             ... on level 2 of the Dungeon.
             The game lasted 00:03:32 (2708 turns).

Gerstahl the Magician (Demonspawn Wizard)           Turns: 2708, Time: 00:03:32

Health: -1/24      AC:  4    Str:  7    XL:     3   Next: 98%
Magic:  1/8        EV: 12    Int: 20    God:
Gold:   62         SH:  0    Dex: 11    Spells: 2/9 levels left

rFire    . . .     SeeInvis .   f - +0 club
rCold    . . .     Gourm    .   (no shield)
rNeg     . . .     Faith    .   a - +0 robe
rPois    .         Spirit   .   b - +0 hat
rElec    .         Reflect  .   (no cloak)
rCorr    .         Harm     .   (no gloves)
MR       .....                  (no boots)
Stlth    ++........             (no amulet)
HPRegen  0.08/turn              (no ring)
MPRegen  0.11/turn              (no ring)

@: very slightly contaminated
A: thin metallic scales 1, demonic guardian 1
a: no special abilities


You were on level 2 of the Dungeon.
You were hungry.

You visited 1 branch of the dungeon, and saw 2 of its levels.

You collected 62 gold pieces.

Inventory:

Hand Weapons
 f - a +0 club (weapon)
Armour
 a - a +0 robe (worn)
 b - a +0 hat (worn)
Scrolls
 e - 2 scrolls of identify {unknown}
 i - 2 scrolls of teleportation {unknown}
 j - 2 scrolls of enchant weapon {unknown}
Potions
 g - a potion of curing {unknown}
 h - a potion of agility {unknown}
Books
 c - a book of Minor Magic

   Spells                             Type                      Level
   a - Magic Dart                     Conjuration                  1
   b - Blink                          Translocation                2
   c - Call Imp                       Summoning                    2
   d - Slow                           Hexes                        2
   e - Conjure Flame                  Conjuration/Fire             3
   f - Mephitic Cloud                 Conjuration/Poison/Air       3
Comestibles
 d - 4 bread rations


   Skills:
 - Level 1.9 Dodging
 - Level 1.7 Stealth
 + Level 3.9 Spellcasting
 + Level 2.6 Conjurations
   Level 1.0 Summonings
   Level 0.8 Translocations


You had 2 spell levels left.
You knew the following spells:

 Your Spells              Type           Power        Failure   Level  Hunger
a - Magic Dart            Conj           ##..         4%          1    None
b - Conjure Flame         Conj/Fire      #.......     22%         3    ###....
c - Mephitic Cloud        Conj/Pois/Air  #.......     26%         3    ###....


Dungeon Overview and Level Annotations

Branches:
Dungeon (2/15)

Altars:


Innate Abilities, Weirdness & Mutations

You are partially covered in thin metallic scales. (AC +2)
A weak demonic guardian rushes to your aid.


Message History

Aim: a worm (moderately wounded)
The magic dart hits the worm.
The worm is moderately wounded.
Casting: Magic Dart
Confirm with . or Enter, or press ? or * to list all spells.
Aiming: Magic Dart
Press: ? - help, Shift-Dir - straight line, f/p - worm
Aim: a worm (moderately wounded)
The magic dart hits the worm.
The worm is heavily wounded.
The worm bites you.
Casting: Magic Dart
Confirm with . or Enter, or press ? or * to list all spells.
Aiming: Magic Dart
Press: ? - help, Shift-Dir - straight line, f/p - worm
Aim: a worm (heavily wounded)
The magic dart hits the worm.
The worm is severely wounded.
The worm bites you!
You die...

#####.#.........# #
#.#..>......#
#####.##'########
##.....#.#
##.....#.##############
##.....#..............#
.......)..............#
#####.##..............#
#.##........@w....#
#...###############
#...# #########
#...####.......#
#..............# #
#......(.......# #
#..............#
#####.#........#####
......#........#


You could see a worm.

Vanquished Creatures
  An adder (D:2)
  An ooze (D:1)
  2 leopard geckos
  5 bats
  2 giant cockroaches (D:1)
  12 goblins
  8 hobgoblins
  4 jackals (D:1)
  A ball python (D:1)
  3 frilled lizards (D:1)
  3 kobolds (D:1)
  6 rats
48 creatures vanquished.

Notes
Turn   | Place    | Note
-------+----------+-------------------------------------------
     0 | D:1      | Gerstahl the Demonspawn Wizard began the quest for the Orb.
     0 | D:1      | Reached XP level 1. HP: 13/13 MP: 4/4
   400 | D:1      | Gained mutation: A weak demonic guardian rushes to your aid. [demonic ancestry]
   400 | D:1      | Reached XP level 2. HP: 17/19 MP: 6/6
  1280 | D:1      | Gained mutation: You are partially covered in thin metallic scales. (AC +2) [demonic ancestry]
  1280 | D:1      | Reached XP level 3. HP: 7/24 MP: 0/8
  2088 | D:2      | Learned a level 3 spell: Conjure Flame
  2092 | D:2      | Learned a level 3 spell: Mephitic Cloud
  2708 | D:2      | Slain by a worm

Vault maps used:
D:1:      lemuel_arrival_funnel, hangedman_abyss_or_decor_lesser_grid,
          lemuel_another_geyser
D:2:      first_bread

Skill      XL: |  1  2 |
---------------+-------+-----
Conjurations   | 2 |  2.6
Dodging        | |  1.9
Stealth        | |  1.7
Spellcasting   | |  3.9
Summonings     | |  1.0
Translocations | |  0.8

Action                   || total
-------------------------++-------
Melee: Unarmed           ||    25
       Club              ||   149
 Cast: Magic Dart        ||    63
 Stab: Sleeping          ||     2
  Eat: Chunk             ||     5
Armor: Robe              ||    66
Dodge: Dodged            ||   180

Table legend:
 A = Spawn XP
 B = Non-spawn XP
 C = Spawn XP percentage of total XP
 D = Spawn monster count
 E = Non-spawn monster count
 F = Spawn count percentage of total count
 G = Total turns spent on level
                    A         B        C        D         E        F      G
               +---------+---------+-------+---------+---------+-------+---------
         Total |       0 |      96 |   0.0 |       0 |      48 |   0.0 |  2708
               +---------+---------+-------+---------+---------+-------+---------
           D:1 |       0 |      50 |   0.0 |       0 |      28 |   0.0 |  1810
           D:2 |       0 |      46 |   0.0 |       0 |      20 |   0.0 |   898
               +---------+---------+-------+---------+---------+-------+---------
